 Dungeon Crawl Stone Soup version 0.19.5 (webtiles) character file.

37 tidbits the Slasher (level 3, -2/24 HPs)
             Began as a High Elf Skald on Nov 14, 2017.
             Slain by a scorpion (5 damage)
             ... on level 7 of the Dungeon.
             The game lasted 00:06:16 (922 turns).

tidbits the Slasher (High Elf Skald)                 Turns: 922, Time: 00:06:16

Health: -2/24      AC:  4    Str: 10 (12) XL:     3   Next: 21%
Magic:  11/17      EV: 14    Int: 13 (16) God:
Gold:   86         SH:  0    Dex: 12 (14) Spells: 3 memorised, 2 levels left

rFire  + . .     SeeInvis .     a - +0 falchion
rCold  + . .     Gourm    .     B - +0 leather armour
rNeg   . . .     Faith    .     (no shield)
rPois  +         Spirit   .     (no helmet)
rElec  +         Reflect  .     C - +0 cloak
rCorr  +         Harm     .     (no gloves)
MR     .....                    (no boots)
Stlth  +.........               (no amulet)
                                j - ring of magical power
                                V - +3 ring of evasion

@: resistant, infused, flying
A: no striking features
a: no special abilities


You were on level 7 of the Dungeon.
You were not hungry.

You visited 1 branch of the dungeon, and saw 5 of its levels.

You collected 86 gold pieces.

Inventory:

Hand Weapons
 a - a +0 falchion (weapon)
 b - a +0 hunting sling
   (You found it on level 2 of the Dungeon)
Missiles
 e - 44 arrows
 n - 34 stones (quivered)
 p - 31 sling bullets
 r - a throwing net {!f}
Armour
 B - a +0 leather armour (worn)
 C - a +0 cloak (worn)
   (You found it on level 2 of the Dungeon)
Jewellery
 i - a +2 ring of dexterity
   (You found it on level 1 of the Dungeon)
 j - a ring of magical power (right hand)
   (You found it on level 1 of the Dungeon)
 V - a +3 ring of evasion (left hand)
   (You found it on level 3 of the Dungeon)
Scrolls
 f - a scroll of noise {unknown}
 g - a scroll of fear {unknown}
 h - 2 scrolls of remove curse {unknown}
 l - 4 scrolls of identify {unknown}
 m - a scroll of recharging {unknown}
 t - a scroll of teleportation {unknown}
 v - a scroll of silence {unknown}
Potions
 k - a potion of flight
Books
 c - a book of Battle

   Spells                             Type                      Level
   a - Infusion                       Charms                       1
   b - Shroud of Golubria             Charms/Translocation         2
   c - Song of Slaying                Charms                       2
   d - Spectral Weapon                Hexes/Charms                 3
   e - Regeneration                   Charms/Necromancy            3
Comestibles
 d - a bread ration
 s - a meat ration


   Skills:
 - Level 2.0 Fighting
 - Level 4.2 Long Blades
 - Level 0.8 Armour
 - Level 1.1 Dodging
 + Level 2.8 Spellcasting
 - Level 3.6 Charms


You had 2 spell levels left.
You knew the following spells:

 Your Spells              Type           Power        Failure   Level  Hunger
g - Shroud of Golubria    Chrm/Tloc      #.........   24%         2    ###....
i - Infusion              Chrm           ##..         10%         1    #......
y - Song of Slaying       Chrm           ##......     14%         2    ###....


Dungeon Overview and Level Annotations

Branches:
Dungeon (4/15)
 Temple: D:4-7

Altars:
Yredelemnul
The Shining One


Message History

You miss the leopard gecko. The leopard gecko misses you.
You riposte.
You barely miss the leopard gecko. You closely miss the leopard gecko.
The leopard gecko barely misses you.
You riposte.
You hit the leopard gecko.
You kill the leopard gecko!
Found a leather armour.
You see here a leopard gecko corpse.
You see here a puce potion.
u - a puce potion You open the door.
Found a scroll labeled XUMIESS TAHA.
There is an open door here.
You see here a scroll labeled XUMIESS TAHA.
v - a scroll labeled XUMIESS TAHA
There is an open door here.
Your magical infusion is running out.
A scorpion comes into view.
Found a stone staircase leading down.
Okay, then.
Casting: Infusion
Confirm with . or Enter, or press ? or * to list all spells.
You miscast Shroud of Golubria.
You are very lightly contaminated with residual magic.
You spin around.
You are no longer magically infusing your attacks.
Casting: Shroud of Golubria
Confirm with . or Enter, or press ? or * to list all spells.
Space distorts slightly along a thin shroud covering your body.
Casting: Shroud of Golubria
Confirm with . or Enter, or press ? or * to list all spells.
You begin infusing your attacks with magical energy.
A centaur comes into view.
The centaur shouts!
You closely miss the scorpion.
Your shroud bends the scorpion's attack away.
The centaur wields a shortbow.
The centaur shoots an arrow.
The arrow closely misses you.
The centaur shoots an arrow.
The arrow hits you!
You see here an arrow.
You hit the scorpion.
The scorpion is lightly wounded.
The scorpion stings you.
You are poisoned.
The scorpion poisons you!
Your shroud falls apart!
It was a potion of flight.
You feel very buoyant.
You fly up into the air.
You feel sick. The scorpion stings you.
* * * LOW HITPOINT WARNING * * *
You are more poisoned.
The scorpion poisons you!
It was a potion of resistance.
You feel protected.
* * * LOW HITPOINT WARNING * * *
You feel sick. The scorpion closely misses you.
It was a potion of curing.
You feel better.
Your magical infusion is running out.
The scorpion barely misses you.
You completely miss the scorpion.
The scorpion is lightly wounded.
The scorpion closely misses you.
Casting: Infusion
Confirm with . or Enter, or press ? or * to list all spells.
You extend your infusion's duration.
The scorpion closely misses you.
You riposte.
You barely miss the scorpion.
The scorpion is lightly wounded.
You barely miss the scorpion.
The scorpion is lightly wounded.
The scorpion stings you!
* * * LOW HITPOINT WARNING * * *
It was a potion of degeneration.
There was something very wrong with that liquid.
You feel weakened.
You feel dopey.
You feel clumsy. The scorpion misses you.
Are you sure you want to abandon this character and quit the game? (Confirm with "yes".)
Okay, then.
You closely miss the scorpion.
The scorpion is lightly wounded.
The scorpion barely misses you.
You barely miss the scorpion.
The scorpion is lightly wounded.
The scorpion stings you but does no damage.
The scorpion barely misses you.
You completely miss the scorpion.
The scorpion is lightly wounded.
The scorpion completely misses you.
You hit the scorpion.
The scorpion is moderately wounded.
The scorpion stings you but does no damage.
Your magical contamination has completely faded away.
Your leather armour prevents you from hitting the scorpion.
The scorpion is moderately wounded.
The scorpion stings you but does no damage.
You hit the scorpion.
The scorpion is heavily wounded.
The scorpion misses you.
You closely miss the scorpion.
The scorpion is heavily wounded.
The scorpion stings you.
You die...

## .# ..# .# #
##.##.##.#
.........#.#
..#.......# ..#.#
#.####.#.# #
#......#.##### #.
#@#.#...# ...
#s#.#.#.#
#.#.######c†...#.#
.....c...(.....#.#
#.............##.#
#...[.....(...'..#
#.............####
#.............#
#.............#


You could see a centaur and a scorpion.

Vanquished Creatures
  An adder (D:3)
  A leopard gecko (D:7)
  2 orcs (D:3)
  2 ball pythons
  A giant cockroach (D:1)
  3 goblins (D:1)
  2 hobgoblins
  3 bats (D:1)
  A frilled lizard (D:2)
  6 kobolds
  2 rats
24 creatures vanquished.

Notes
Turn   | Place    | Note
-------+----------+-------------------------------------------
     0 | D:1      | tidbits the High Elf Skald began the quest for the Orb.
     0 | D:1      | Reached XP level 1. HP: 14/14 MP: 4/4
   190 | D:1      | Reached skill level 3 in Long Blades
   190 | D:1      | Reached XP level 2. HP: 17/19 MP: 1/6
   194 | D:1      | Learned a level 2 spell: Song of Slaying
   197 | D:1      | Learned a level 2 spell: Shroud of Golubria
   590 | D:3      | Found a basalt altar of Yredelemnul.
   800 | D:3      | Reached skill level 4 in Long Blades
   800 | D:3      | Reached XP level 3. HP: 22/24 MP: 8/8
   810 | D:3      | Found a glowing golden altar of the Shining One.
   870 | D:4      | You fall through a shaft for 3 floors!
   896 | D:7      | Noticed a scorpion
   901 | D:7      | Noticed a centaur
   914 | D:7      | HP: 2/24 [scorpion (9)]
   922 | D:7      | Slain by a scorpion

Skill      XL: |  1  2 |
---------------+-------+-----
Long Blades    | 3 4 |  4.2
Fighting       | |  2.0
Armour         | |  0.8
Dodging        | |  1.1
Spellcasting   | |  2.8
Charms         | |  3.6

Action                   || total
-------------------------++-------
Melee: Falchion          ||    61
 Fire: Hunting sling     ||     1
 Cast: Infusion          ||    14
       Shroud of Golubri ||     1
  Use: Potion            ||     4
 Stab: Sleeping          ||     2
Armor: Leather armour    ||    11
Dodge: Dodged            ||    48
       Rpst.: Falchion   ||    10

Table legend:
 A = Turns spent in this place as a percentage of turns spent in the entire game.
 B = Non-inter-level travel turns spent in this place as a percentage of non-inter-level travel turns spent in the entire game.
 C = Inter-level travel turns spent in this place as a percentage of turns spent in this place.
 D = Turns resting spent in this place as a percentage of non-inter-level travel turns spent in this place.
 E = Turns spent auto-exploring this place as a percentage of non-inter-level travel turns spent in this place.
 F = Non-inter-level travel turns spent in this place divided by the number of levels of this place that you've seen.
                   A       B       C       D       E      F
               +-------+-------+-------+-------+-------+----------------------
         Total | 100.0 | 100.0 |   0.1 |   0.0 |   0.0 | 158.6
       Dungeon | 100.0 | 100.0 |   0.1 |   0.0 |   0.0 | 158.6
               +-------+-------+-------+-------+-------+----------------------

Table legend:
 A = Kills in this place as a percentage of kills in entire the game.
 B = Kills by you in this place as a percentage of kills by you in the entire game.
 C = Kills by friends in this place as a percentage of kills by friends in the entire game.
 D = Other kills in this place as a percentage of other kills in the entire game.
 E = Experience gained in this place as a percentage of experience gained in the entire game.
 F = Experience gained in this place divided by the number of levels of this place that you have seen.
                   A       B       C       D       E      F
               +-------+-------+-------+-------+-------+----------------------
         Total | 100.0 | 100.0 |  -nan |  -nan | 100.0 |  10.6
       Dungeon | 100.0 | 100.0 |  -nan |  -nan | 100.0 |  10.6
               +-------+-------+-------+-------+-------+----------------------

Vault maps used:
D:1:      evilmike_arrival_rings
D:3:      marbit_many_paths, lemuel_crystal_altar
D:4:      lemuel_blue_sif_altar, kennysheep_generic_room_15
D:7:      okawaru_metal_pillars_1_2, uniq_duvessa, uniq_menkaure
